 Dungeon Crawl Stone Soup version 0.28.0-53-g5a82cb258f (webtiles) character file.

Game seed: 13607958342426961801

4 purpskrrrp the Magician (level 1, -1/16 HPs)
             Began as a Demonspawn Wanderer on June 23, 2022.
             Slain by a quokka (2 damage)
             ... on level 1 of the Dungeon.
             The game lasted 00:00:41 (191 turns).

purpskrrrp the Magician (Demonspawn Wanderer)        Turns: 191, Time: 00:00:41

Health: -1/16      AC:  2    Str: 11    XL:     1   Next: 50%
Magic:  5/5        EV: 11    Int: 11    God:
Gold:   4          SH:  0    Dex: 15    Spells: 7/8 levels left

rFire   . . .      SeeInvis .   a - +3 dagger
rCold   . . .      Faith    .   (no shield)
rNeg    . . .      Spirit   .   c - +0 robe
rPois   .          Reflect  .   (no helmet)
rElec   .          Harm     .   (no cloak)
rCorr   .          Rampage  .   (no gloves)
Will    .....                   (no boots)
Stlth   ++........              (no amulet)
HPRegen 0.05/turn               (no ring)
MPRegen 0.09/turn               (no ring)

@: no status effects
A: no striking features
a: no special abilities


You were on level 1 of the Dungeon.
You visited 1 branch of the dungeon, and saw 1 of its levels.

You collected 4 gold pieces.

Inventory:

Hand Weapons
 a - a +3 dagger (weapon)
Armour
 c - a +0 robe (worn)
Scrolls
 b - a scroll of fear
Potions
 d - a potion of magic {unknown}


   Skills:
 + Level 2.0 Fighting
 + Level 0.1 Short Blades
 + Level 1.0 Throwing
 + Level 1.0 Dodging
 + Level 1.7 Stealth
 + Level 4.1 Spellcasting


You had 7 spell levels left.
You knew the following spells:

 Your Spells              Type           Power      Damage    Failure   Level
a - Beastly Appendage     Tmut           4%         N/A       24%         1

Your spell library contained the following spells:

 Spells                   Type           Power      Damage    Failure   Level
 Spider Form              Tmut/Pois      2%         N/A       56%         3


Dungeon Overview and Level Annotations

Branches:
Dungeon (1/15)

Altars:


Message History

The ball python is severely wounded.
The ball python barely misses you. The ball python constricts you.
The ball python bites you but does no damage.
The ball python constricts you.
You closely miss the ball python.
The ball python is severely wounded.
The ball python barely misses you. The ball python constricts you.
You hit the ball python.
You kill the ball python!
You see here a ball python corpse.
HP restored.
You see here a ball python corpse.
Things that are here:
a +0 club; a kobold corpse
d - a viscous cyan potion
Found a mace.
A quokka comes into view.
A quokka is nearby!
The quokka bites you.
You hit the quokka.
The quokka is heavily wounded.
The quokka closely misses you. The quokka barely misses you.
You barely miss the quokka.
The quokka is heavily wounded.
The quokka bites you.
You miss the quokka.
The quokka is heavily wounded.
The quokka barely misses you.
You barely miss the quokka.
The quokka is heavily wounded.
The quokka bites you.
You hit the quokka but do no damage.
The quokka is heavily wounded.
The quokka bites you.
You closely miss the quokka.
The quokka is moderately wounded.
The quokka bites you.
* * * LOW HITPOINT WARNING * * *
The quokka bites you.
You die...

##,,,..,,,*
.#***.#**** .# *.#
.####.###
........####
#.##.......#
..#.....##.# #####
..##....##.######...#
.###..#........r@.#.#
#* #..####.######...#
#..####.# ##.##
#.......# #.#
##...##### #.#
##.....## ####.#
##.§§§...## ##.##.##
#..§§§....####...#..#
+§§§§§§...+.......#.#


You could see a quokka.

Vanquished Creatures
  A giant cockroach (D:1)
  2 ball pythons (D:1)
  A kobold (D:1)
  A rat (D:1)
5 creatures vanquished.

Notes
Turn   | Place    | Note
-------+----------+-------------------------------------------
     0 | D:1      | purpskrrrp the Demonspawn Wanderer began the quest for the
                  | Orb.
     0 | D:1      | purpskrrrp set off with the following items: a +3 dagger, a
                  | scroll of fear, a +0 robe; and the following spell
                  | memorised: Beastly Appendage; and the following spells
                  | available to memorise: Spider Form
     0 | D:1      | Reached XP level 1. HP: 16/16 MP: 5/5
   191 | D:1      | Slain by a quokka

Illustrated notes

Levels and vault maps discovered:
D:1:      psy_arrival_whirlpool, layout_loops_corners,
          dreamdust_ecumenical_altar_statues, minmay_stone_trees_small

Action                   || total
-------------------------++-------
Melee: Dagger            ||    19
       Punch             ||     1
  Use: Scroll            ||     2
 Stab: Sleeping          ||     1
Armor: Robe              ||     1
Dodge: Dodged            ||    13
